 Dungeon Crawl Stone Soup version 0.27-a0-1384-g1422d76b99 (webtiles) character file.

Game seed: 4967187894776933728

24152 wakim the Grappler (level 12, -5/114 HPs)
             Began as a Troll Berserker on June 30, 2021.
             Was an Elder of Trog.
             Slain by an eight-headed hydra (9 damage)
             ... on level 6 of the Lair of Beasts.
             The game lasted 00:42:49 (12005 turns).

wakim the Grappler (Troll Berserker)               Turns: 12005, Time: 00:42:49

Health: -5/114     AC: 14    Str: 30    XL:     12   Next: 78%
Magic:  11/11      EV: 11    Int:  5    God:    Trog [****..]
Gold:   2110       SH: 10    Dex: 15    Spells: 11/11 levels left

rFire    + . .     SeeInvis +     - Unarmed
rCold    . . .     Faith    .   d - +0 kite shield
rNeg     . . .     Spirit   .   f - +0 swamp dragon scales
rPois    +         Reflect  .   l - +1 hat
rElec    .         Harm     .   c - +1 cloak
rCorr    .         Rampage  .   (gloves unavailable)
Will     ++...                  (boots unavailable)
Stlth    ++........             g - amulet "Biaxid" {RegenMP rPois rF+ Slay+3}
HPRegen  2.29/turn              m - +6 ring of dexterity
MPRegen  0.37/turn              p - ring of see invisible

@: about to teleport, strong-willed, regenerating
A: large, unfitting armour, claws 3, regeneration 1, shaggy fur 1, tough skin 1
a: Renounce Religion, Berserk, Trog's Hand, Brothers in Arms


You were on level 6 of the Lair of Beasts.
You worshipped Trog.
Trog was greatly pleased with you.
You visited 3 branches of the dungeon, and saw 17 of its levels.

You collected 2110 gold pieces.

Inventory:

Missiles
 k - 3 large rocks {=f}
 o - 16 curare-tipped darts {=f}
 w - 5 javelins
 D - a boomerang
Armour
 c - a +1 cloak (worn)
 d - a +0 kite shield (worn)
 f - +0 swamp dragon scales (worn)
 j - a +0 tower shield
 l - a +1 hat (worn)
 s - a +0 robe of resistance
Jewellery
 b - a ring of ice
 g - the amulet "Biaxid" (around neck) {RegenMP rPois rF+ Slay+3}
   (You acquired it on level 10 of the Dungeon)

   [amulet of magic regeneration]

   It increases your rate of magic regeneration.Slay: It affects your accuracy &
   damage with ranged weapons and melee (+3).
   rF:        It protects you from fire.
   rPois:     It protects you from poison.
 m - a +6 ring of dexterity (left claw)
 p - a ring of see invisible (right claw)
Wands
 q - a wand of charming (7)
 t - a wand of digging (6)
 u - a wand of mindburst (9)
 v - a wand of flame (10) (quivered)
 x - a wand of iceblast (11)
 y - a wand of paralysis (4)
Scrolls
 n - a scroll of enchant armour
 S - 2 scrolls of summoning
 T - 4 scrolls of teleportation
 X - 2 scrolls of fog
Potions
 a - a potion of invisibility {unknown}
 e - a potion of flight {unknown}
 h - a potion of magic {unknown}
 i - a potion of cancellation {unknown}
 z - a potion of heal wounds {unknown}
 B - 3 potions of attraction {!q}
 C - 2 potions of berserk rage {!q}
 F - 8 potions of curing
 H - 3 potions of haste
 L - 3 potions of lignification {!q}
 N - 4 potions of might
 O - 2 potions of resistance


   Skills:
 - Level 6.0 Fighting
 * Level 7.4 Throwing
 - Level 6.0 Armour
 + Level 8.4 Dodging
 - Level 5.0 Stealth
 - Level 4.2 Shields
 - Level 12.0 Unarmed Combat
 * Level 0.0 Evocations


You had 11 spell levels left.
You didn't know any spells.
Your spell library was empty.

Dungeon Overview and Level Annotations

Branches:
Dungeon (11/15)            Temple (1/1) D:4            Lair (4/6) D:11
  Swamp (0/4) Lair:3          Orc (0/2) D:11
  Snake: Lair:2-4    Spider: Lair:2-4

Altars:
Ashenzari
Cheibriados
Dithmenos
Elyvilon
Fedhas
Gozag
Hepliaklqana
Kikubaaqudgha
Makhleb
Nemelex Xobeh
Okawaru
Qazlal
Ru
Sif Muna
Trog
Uskayaw
Vehumet
Wu Jian
Xom
Yredelemnul
Zin
The Shining One

Portals:
Trove: D:10 (give +4 fire dragon scales)


Innate Abilities, Weirdness & Mutations

You are too large for most types of armour.
You have claws for hands.
Your natural rate of healing is unusually fast.
You are covered in fur. (AC +1)
You have tough skin. (AC +1)


Message History

The blink frog blinks! x2; The blink frog barely misses you.
Unknown command.
You block the blink frog's attack.
Your surroundings suddenly seem different.
An eight-headed hydra comes into view.
The eight-headed hydra roars!
A cane toad comes into view.
The cane toad gives a loud, deep croak!
A black mamba comes into view.
The black mamba hisses angrily.
The black mamba bites you!
* * * LOW HITPOINT WARNING * * *
The eight-headed hydra bites you but does no damage.
The eight-headed hydra bites you!
* * * LOW HITPOINT WARNING * * *
The eight-headed hydra misses you.
The eight-headed hydra bites you but does no damage. x2
You block the eight-headed hydra's attack.
The eight-headed hydra bites you but does no damage.
You block the eight-headed hydra's attack.
The rime drake bites you but does no damage.
A manticore and a rime drake come into view.
You see here 18 sling bullets.
The black mamba barely misses you. The black mamba closely misses you.
You block the cane toad's attack.
The manticore flicks its tail.
You block the volley of spikes.
You see here a potion of haste.
Unknown command.
You feel better. The black mamba barely misses you. The black mamba bites you!
* * * LOW HITPOINT WARNING * * *
As you read the scroll of teleportation, it crumbles to dust.
You feel strangely unstable.
The black mamba bites you but does no damage.
You block the eight-headed hydra's attack. x3
The eight-headed hydra bites you but does no damage. x3
The eight-headed hydra bites you!
* * * LOW HITPOINT WARNING * * *
The eight-headed hydra bites you!
You die...

#....
#....
#.#..
###... #..
####
##.####
#P..(.#
#.FD@$#
#..SH.#
#..k..#
##.......
##..#.#...
##.......
##.#..##
#####


You could see an eight-headed hydra, a manticore, a black mamba, a cane toad and
a rime drake.

Vanquished Creatures
  A vault guard (D:10)
  2 hydras (Lair:2)
  4 death yaks (Lair:3)
  A two-headed ogre (D:11)
  Urug (Lair:2)
  A lindwurm (Lair:6)
  2 manticores
  3 black mambas
  Maggie (D:6)
  An elephant (D:11)
  5 cane toads
  2 unseen horrors
  2 rime drakes
  A komodo dragon (Lair:2)
  2 trolls
  Prince Ribbit (D:6)
  8 blink frogs
  2 slime creatures
  2 shadows (D:11)
  5 yaks
  2 wyverns
  Eustachio (D:6)
  3 wraiths
  A basilisk (Lair:6)
  2 acid dragons (D:11)
  Edmund (D:4)
  15 water moccasins
  5 orc warriors
  2 black bears (D:11)
  An ogre (D:4)
  A sky beast (D:7)
  3 ice beasts
  A necrophage (D:7)
  2 wolves
  2 centaurs
  3 phantoms
  4 kobold brigands
  4 bullfrogs
  3 scorpions
  A water moccasin skeleton (D:4)
  The ghost of ABBCCCDDDD the Skirmisher, a weakling PaFi (D:3)
  10 killer bees
  An electric eel (Lair:3)
  11 wights
  2 centaur zombies
  2 hounds
  12 orc priests
  A bullfrog skeleton (D:6)
  3 jellies
  Crazy Yiuf (D:3)
  A centaur skeleton (D:6)
  4 iguanas
  6 orc wizards
  Natasha (thrice) (D:3)
  2 killer bee zombies
  6 ogre zombies (D:11)
  Robin (D:2)
  9 adders
  A white imp (D:7)
  An ufetubus (D:6)
  An adder skeleton (D:4)
  2 worms
  3 dart slugs
  43 orcs
  10 ball pythons
  6 bats
  2 bat zombies (D:11)
  4 endoplasms
  2 giant cockroaches (D:1)
  14 goblins
  9 hobgoblins
  5 jackals
  3 quokkas
  3 frilled lizards (D:1)
  2 goblin zombies (D:11)
  A hobgoblin skeleton (D:11)
  4 hobgoblin zombies (D:11)
  30 kobolds
  2 orc skeletons (D:11)
  10 orc zombies (D:11)
  7 rats
345 creatures vanquished.

Vanquished Creatures (collateral kills)
  2 hydras (Lair:1)
  A two-headed ogre (D:8)
  A slime creature (D:8)
  An ice beast (D:8)
5 creatures vanquished.

Vanquished Creatures (others)
  A bat (D:1)
  29 fungi
  38 plants
68 creatures vanquished.

Grand Total: 418 creatures vanquished

Notes
Turn   | Place    | Note
-------+----------+-------------------------------------------
     0 | D:1      | wakim the Troll Berserker began the quest for the Orb.
     0 | D:1      | Reached XP level 1. HP: 22/22 MP: 0/0
    86 | D:1      | Reached XP level 2. HP: 29/29 MP: 1/1
   241 | D:1      | Reached ** piety under Trog
   275 | D:1      | Reached XP level 3. HP: 36/36 MP: 2/2
   610 | D:2      | Noticed Robin
   908 | D:2      | Reached XP level 4. HP: 36/44 MP: 3/3
   962 | D:2      | Killed Robin
  1170 | D:3      | Found a radiant altar of Vehumet.
  1295 | D:3      | Found a runed translucent gate.
  1295 | D:3      | Found a runed translucent gate.
  1295 | D:3      | Found a runed translucent gate.
  1296 | D:3      | Noticed ABBCCCDDDD's ghost (weakling PaFi)
  1296 | D:3      | Noticed a kobold brigand
  1388 | D:3      | Noticed Natasha
  1404 | D:3      | Reached skill level 1 in Stealth
  1404 | D:3      | Killed Natasha
  1405 | D:3      | Reached skill level 4 in Unarmed Combat
  1405 | D:3      | Reached XP level 5. HP: 23/52 MP: 4/4
  1422 | D:3      | Reached *** piety under Trog
  1452 | D:3      | Noticed Natasha
  1458 | D:3      | Killed Natasha
  1474 | D:3      | Noticed Natasha
  1480 | D:3      | Killed Natasha
  1481 | D:3      | Reached skill level 1 in Throwing
  1625 | D:3      | Found a runed translucent door.
  1626 | D:3      | Noticed Crazy Yiuf
  1635 | D:3      | Killed Crazy Yiuf
  1745 | D:3      | Reached XP level 6. HP: 61/61 MP: 5/5
  1880 | D:3      | Found an ornate altar of the Wu Jian Council.
  2032 | D:3      | Found a faded altar of an unknown god.
  2107 | D:3      | Killed ABBCCCDDDD's ghost
  2273 | D:4      | Reached skill level 5 in Unarmed Combat
  2282 | D:4      | Reached XP level 7. HP: 54/67 MP: 6/6
  2485 | D:4      | Found a staircase to the Ecumenical Temple.
  2494 | Temple   | Entered the Ecumenical Temple
  3120 | D:5      | Entered Level 5 of the Dungeon
  3120 | D:5      | Noticed Edmund
  3189 | D:4      | Killed Edmund
  3255 | D:5      | Reached XP level 8. HP: 68/78 MP: 7/7
  3319 | D:5      | Reached skill level 6 in Unarmed Combat
  3365 | D:5      | Reached **** piety under Trog
  3658 | D:5      | Found a shimmering blue altar of Sif Muna.
  3846 | D:6      | Found a glowing silver altar of Zin.
  4144 | D:6      | Noticed Maggie
  4195 | D:6      | Killed Maggie
  4196 | D:6      | Reached skill level 7 in Unarmed Combat
  4196 | D:6      | Reached XP level 9. HP: 85/85 MP: 8/8
  4374 | D:6      | Noticed Eustachio
  4398 | D:6      | Killed Eustachio
  4453 | D:6      | Noticed Prince Ribbit
  4470 | D:6      | Killed Prince Ribbit
  4625 | D:6      | Identified the +2 ring mail of the Ten Planets {Rampage
                  | Will+}
  5009 | D:7      | Reached skill level 5 in Dodging
  5226 | D:7      | Reached skill level 5 in Fighting
  5382 | D:7      | Reached skill level 8 in Unarmed Combat
  5662 | D:7      | Identified a scroll of acquirement
  5662 | D:7      | Acquired 888 gold pieces
  5739 | D:8      | Found a white marble altar of Elyvilon.
  5743 | D:8      | Found a sacrificial altar of Ru.
  5784 | D:8      | Noticed a two-headed ogre
  5789 | D:8      | Killed a two-headed ogre
  5790 | D:8      | Reached XP level 10. HP: 95/96 MP: 9/9
  5906 | D:8      | Reached skill level 5 in Stealth
  5980 | D:8      | Reached skill level 5 in Throwing
  7214 | D:10     | Entered Level 10 of the Dungeon
  7226 | D:10     | Reached skill level 1 in Armour
  7860 | D:10     | Noticed a vault guard
  7877 | D:10     | Killed a vault guard
  7878 | D:10     | Reached skill level 9 in Unarmed Combat
  7878 | D:10     | Reached XP level 11. HP: 92/105 MP: 10/10
  7886 | D:10     | Found a portal to a secret trove of treasure.
  7907 | D:10     | Acquired the amulet "Biaxid" {RegenMP rPois rF+ Slay+3}
  8002 | D:11     | Reached skill level 1 in Shields
  8018 | D:11     | Found a staircase to the Orcish Mines.
  8225 | D:11     | Found an ancient bone altar of Kikubaaqudgha.
  8400 | D:11     | Found a staircase to the Lair.
  8552 | D:11     | Noticed a two-headed ogre
  8565 | D:11     | Killed a two-headed ogre
  9070 | Lair:1   | Entered Level 1 of the Lair of Beasts
  9287 | Lair:1   | Noticed a five-headed hydra
  9316 | Lair:1   | Killed a five-headed hydra
  9317 | Lair:1   | Reached skill level 10 in Unarmed Combat
  9376 | Lair:1   | Acquired 447 gold pieces
  9495 | Lair:1   | Noticed a seven-headed hydra
  9502 | Lair:1   | Killed a seven-headed hydra
  9690 | Lair:2   | Noticed an eight-headed hydra
 10144 | Lair:2   | Noticed a six-headed hydra
 10151 | Lair:2   | Killed a seven-headed hydra
 10152 | Lair:2   | Reached XP level 12. HP: 114/114 MP: 11/11
 10237 | Lair:2   | Reached skill level 5 in Armour
 10286 | Lair:2   | Killed a 12-headed hydra
 10885 | Lair:3   | Reached skill level 11 in Unarmed Combat
 11045 | Lair:3   | Noticed Urug
 11063 | Lair:3   | Noticed a five-headed hydra
 11078 | Lair:2   | Killed Urug
 11227 | Lair:3   | Noticed a death yak
 11228 | Lair:3   | Noticed a death yak
 11425 | Lair:3   | Found a staircase to the Swamp.
 11484 | Lair:3   | Noticed a death yak
 11504 | Lair:3   | Noticed a death yak
 11506 | Lair:3   | Killed a death yak
 11541 | Lair:3   | Killed a death yak
 11545 | Lair:3   | Killed a death yak
 11551 | Lair:3   | Killed a death yak
 11833 | Lair:4   | Noticed an eight-headed hydra
 11864 | Lair:4   | You fall into a shaft and drop 2 floors!
 11864 | Lair:6   | Entered Level 6 of the Lair of Beasts
 11933 | Lair:6   | Reached skill level 12 in Unarmed Combat
 11941 | Lair:6   | Noticed a four-headed hydra
 12001 | Lair:6   | Noticed an eight-headed hydra
 12001 | Lair:6   | HP: 3/114 [eight-headed hydra (12)]
 12005 | Lair:6   | Slain by an eight-headed hydra

Illustrated notes

Levels and vault maps discovered:
D:1:      sevenhm_arrival_forest_fort_small_6, layout_basic,
          minmay_misc_feat_doors
D:2:      minmay_alternating_diamond, layout_rooms, uniq_robin
D:3:      layout_loops_ring, lemuel_crystal_altar, vehumet_crystals,
          shapermc_ecumenical_altar_notcrosses, gammafunk_ghost_nasty_kobolds,
          minmay_increasing_density, uniq_natasha, uniq_crazy_yiuf_cottage
D:4:      layout_loops_ring, minmay_temple_entry_ruins,
          kennysheep_decorative_pillar
D:5:      layout_rooms, lemuel_blue_sif_altar, uniq_edmund
D:6:      layout_gridville, old_standard_altar, uniq_prince_ribbit1,
          uniq_eustachio, uniq_maggie
D:7:      layout_loops_ring
D:8:      layout_rooms, gammafunk_temple_overflow_pools
D:9:      layout_loops_ring
D:10:     layout_small_grid, enter_trove_5
D:11:     layout_irregular_city, david_lair_generic, zombieorc1_lemuel,
          minmay_liquid_box, lemuel_zombie_altar_kikubaaqudgha
Temple:   nicolae_temple_elliptical
Lair:1:   layout_gridlike
Lair:2:   layout_regular_city, beast_lair_carwin_4, infiniplex_staircase_pool_2
Lair:3:   layout_gridlike, swamp_mist, serial_bayou_ford_a,
          lemuel_another_geyser, uniq_urug
Lair:4:   layout_roguey, dummy_spider_entry, serial_bayou_shore_a
Lair:6:   hangedman_lair_in_review, layout_regular_city, gauntlet_entry_generic,
          uniq_nessos

Skill      XL: |  1  2  3  4  5  6  7  8  9 10 11 12 |
---------------+-------------------------------------+-----
Dodging        | 3 4 5 6 7 8 |  8.4
Stealth        | 1 2 3 4 5 |  5.0
Unarmed Combat | 4 5 7 8 9 10 12 | 12.0
Fighting       | 3 4 5 6 |  6.0
Throwing       | 1 2 3 4 6 7 |  7.4
Armour         | 3 4 6 |  6.0
Shields        | 4 |  4.2

Action                   |  1- 3 |  4- 6 |  7- 9 | 10-12 || total
-------------------------+-------+-------+-------+-------++-------
Melee: Unarmed           |   137 |   154 |   269 |   584 ||  1144
       Punch             |       |     2 |    11 |    10 ||    23
Throw: Dart              |       |       |     4 |     5 ||     9
       Large rock        |       |       |       |     4 ||     4
       Boomerang         |       |       |       |     4 ||     4
Invok: Trog's Hand       |       |     1 |     5 |    16 ||    22
       Berserk           |       |     1 |     1 |     5 ||     7
       Brothers in Arms  |       |       |     1 |     3 ||     4
Evoke: Wand              |       |       |       |    30 ||    30
  Use: Scroll            |       |     3 |    13 |    11 ||    27
       Potion            |       |       |       |     1 ||     1
 Stab: Sleeping          |       |     2 |     7 |     5 ||    14
       Distracted        |       |       |       |     1 ||     1
Armor: Animal skin       |    45 |    33 |     3 |       ||    81
       Robe              |       |       |    17 |       ||    17
       Swamp dragon scal |       |       |    60 |   298 ||   358
Dodge: Dodged            |    83 |    64 |   117 |   326 ||   590
Block: Kite shield       |       |       |       |   235 ||   235

Table legend: (Time is in decaauts)
 A = Elapsed time spent in this place.
 B = Non-inter-level travel time spent in this place.
 C = Inter-level travel time spent in this place.
 D = Time resting spent in this place.
 E = Time spent auto-exploring this place.
 F = Levels seen in this place.
 G = Mean time per level.
                   A        B        C        D        E       F      G
               +--------+--------+--------+--------+--------+-----+--------+
         Total |  12026 |  11339 |    687 |    345 |   7808 |  17 |  707.4 |
       Dungeon |   8884 |   8446 |    438 |    231 |   5846 |  11 |  807.6 |
        Temple |    152 |    148 |      4 |      0 |    147 |   1 |  152.0 |
          Lair |   2989 |   2744 |    245 |    113 |   1814 |   5 |  597.8 |
               +--------+--------+--------+--------+--------+-----+--------+

Top non-repeatable levels by time:
     D:6: 1201 daAuts
    D:11: 1175 daAuts
     D:3: 1043 daAuts
  Lair:2: 1033 daAuts
  Lair:3: 921 daAuts
     D:7: 840 daAuts
     D:4: 837 daAuts
  Lair:1: 798 daAuts
     D:8: 698 daAuts
     D:9: 676 daAuts
    D:10: 662 daAuts
     D:1: 625 daAuts
     D:5: 568 daAuts
     D:2: 557 daAuts
  Temple: 152 daAuts
